 Dungeon Crawl Stone Soup version 0.20.1-1-g8b1a95d (console) character file.

93 hilaritas the Cudgeler (level 4, -3/44 HPs)
             Began as a Troll Berserker on Nov 9, 2017.
             Was a Believer of Trog.
             Killed from afar by Sigmund (5 damage)
             ... with a magic dart
             ... on level 2 of the Dungeon.
             The game lasted 00:02:57 (1305 turns).

hilaritas the Cudgeler (Troll Berserker)            Turns: 1305, Time: 00:02:57

Health: -3/44      AC:  5    Str: 25    XL:     4   Next: 37%
Magic:  3/3        EV: 10    Int:  4    God:    Trog [**....]
Gold:   100        SH:  0    Dex:  9    Spells: 3/3 levels left

rFire    . . .     SeeInvis .   a - +0 mace
rCold    . . .     Gourm    +   (no shield)
rNeg     . . .     Faith    .   b - +0 animal skin
rPois    .         Spirit   .   (helmet restricted)
rElec    .         Reflect  .   (no cloak)
rCorr    .         Harm     .   (gloves unavailable)
MR       .....                  (boots unavailable)
Stlth    +.........             (no amulet)
Regen    0.6/turn               (no ring)
MPRegen  0.1/turn               (no ring)

@: confused, berserk cooldown, slowed, very slow
A: unfitting armour, claws 3, fast metabolism 3, gourmand, regeneration 1,
shaggy fur 1, tough skin 2
a: Berserk, Trog's Hand, Burn Spellbooks, Renounce Religion


You were on level 2 of the Dungeon.
You worshipped Trog.
Trog was pleased with you.
You were very full.

You visited 1 branch of the dungeon, and saw 2 of its levels.

You collected 100 gold pieces.

Inventory:

Hand Weapons
 a - a +0 mace (weapon)
Armour
 b - a +0 animal skin (worn)
Scrolls
 d - a scroll of remove curse {unknown}
 e - a scroll of enchant weapon {unknown}
 h - a scroll of teleportation {unknown}
 m - a scroll of fog {unknown}
 o - a scroll of fear {unknown}
 r - a scroll of identify {unknown}
 s - a scroll of blinking {unknown}
Potions
 g - a potion of mutation {unknown}
 i - 3 potions of curing {unknown}
 j - a potion of heal wounds {unknown}
 k - a potion of might {unknown}
 l - a potion of flight {unknown}
 p - a potion of haste {unknown}
 q - a potion of berserk rage {unknown}
Comestibles
 c - 4 bread rations
 f - a royal jelly
 n - 2 chunks of flesh


   Skills:
 + Level 2.8 Fighting
 * Level 4.4 Maces & Flails
 - Level 2.4 Dodging


You had 3 spell levels left.
You didn't know any spells.

Dungeon Overview and Level Annotations

Branches:
Dungeon (2/15)

Altars:

Annotations:
D:2 Sigmund


Innate Abilities, Weirdness & Mutations

You are too large for most types of armour.
You have claws for hands.
Your metabolism is lightning-fast.
You like to eat raw meat.
Your natural rate of healing is unusually fast.
You are covered in fur. (AC +1)
You have very tough skin. (AC +2)


Message History

Sigmund points at you and mumbles some strange words.
You are confused.
You're too confused to move!
You feel a strong urge to attack something.
Sigmund closely misses you.
You bump into the rock wall.
You are no longer berserk.
You are exhausted.
You feel yourself slow down. Sigmund looks at you with fury.
Sigmund hits you with a scythe!
* * * LOW HITPOINT WARNING * * *
Things that are here:
a short sword; a shiny chain mail You're too confused to move!
Sigmund gestures at you while chanting.
You are more confused.
Sigmund points at you and mumbles some strange words.
The magic dart hits you!
You die...

.......##.........##..>.....#
.......##.#†########........#
..........#†#####...........#
........###.##....##........#
........###....##########.###
..............## #
#####.........## ######.#
###...#.#......# ##......#.
#...###........# ##.........
..### ###.....)###..........
#.# #.......@@........<. #.#
##########.......... #.#
#.......... ..# #..........
### #.......... # ##.........
##.....##. #######


You could see Sigmund.

Vanquished Creatures
  Jessica (D:2)
  Terence (D:2)
  2 worms (D:2)
  3 giant cockroaches
  5 goblins (D:1)
  4 hobgoblins
  4 jackals (D:2)
  6 kobolds
  A quokka (D:2)
  3 bats
  5 rats
35 creatures vanquished.

Notes
Turn   | Place    | Note
-------+----------+-------------------------------------------
     0 | D:1      | hilaritas the Troll Berserker began the quest for the Orb.
     0 | D:1      | Reached XP level 1. HP: 22/22 MP: 0/0
   103 | D:1      | Reached skill level 3 in Maces & Flails
   343 | D:1      | Reached XP level 2. HP: 24/29 MP: 1/1
  1029 | D:2      | Reached XP level 3. HP: 36/36 MP: 2/2
  1134 | D:2      | Reached ** piety under Trog
  1259 | D:2      | Noticed Terence
  1260 | D:2      | Noticed Jessica
  1283 | D:2      | Noticed Sigmund
  1289 | D:2      | Killed Jessica
  1289 | D:2      | Reached skill level 4 in Maces & Flails
  1289 | D:2      | Reached XP level 4. HP: 17/44 MP: 3/3
  1296 | D:2      | Killed Terence
  1304 | D:2      | HP: 1/44 [Sigmund/scythe (7)]
  1305 | D:2      | Killed from afar by Sigmund

Skill      XL: |  1  2  3 |
---------------+----------+-----
Maces & Flails | 3 4 |  4.4
Fighting       | |  2.8
Dodging        | |  2.4

Action                   |  1- 3 |  4- 6 || total
-------------------------+-------+-------++-------
Melee: Mace              |   135 |     8 ||   143
Invok: Berserk           |     1 |     1 ||     2
 Stab: Sleeping          |     1 |       ||     1
  Eat: Chunk             |    18 |       ||    18
Armor: Animal skin       |    58 |     2 ||    60
Dodge: Dodged            |    74 |     5 ||    79
